Map: Ascension to Aiur LE

Players

Harstem - Winner!

  • Race: Protoss Protoss
  • League: Master
  • Spawn Location: 11:00

Guru

  • Race: Zerg Zerg
  • League: Grandmaster
  • Spawn Location: 5:00

Event: HomeStory Cup XVI

VOD

Have the link to the VOD?

Description

Time

  • Played on: Nov. 11, 2017, 4:17 p.m.
  • Length: 16:35

All games in this series

Show
View Real Time Build Order
Export as new Build Order

Harstem Protoss - Winner!

Build Orders: 1 Gate Expand, Zealot Archon, Archon Drop, Dark Templar Rush 

Get SALT Encoding   

  1  0:00  Probe (Chrono Boost)  
  12  0:04  Probe (Chrono Boost)  
  14  0:17  Pylon  
  14  0:24  Probe (Chrono Boost)  
  15  0:37  Probe (Chrono Boost)  
  15  0:41  Gateway  
  16  0:49  Assimilator, Probe (Chrono Boost)  
  17  0:59  Probe (Chrono Boost)  
  18  1:05  Probe (Chrono Boost)  
  19  1:15  Probe (Chrono Boost)  
  20  1:23  Nexus  
  20  1:34  Cybernetics Core  
  20  1:39  Probe (Chrono Boost)  
  21  1:42  Assimilator  
  21  1:51  Probe (Chrono Boost)  
  22  1:54  Pylon  
  22  2:02  Adept  
  22  2:03  Probe (Chrono Boost)  
  26  2:16  Probe (Chrono Boost)  
  26  2:19  Twilight Council  
  26  2:24  Warp Gate  
  26  2:28  Probe (Chrono Boost)  
  27  2:31  Stalker  
  30  2:37  Probe (Chrono Boost)  
  30  2:40  Probe (Chrono Boost)  
  31  2:49  Probe (Chrono Boost)  
  32  2:53  Probe (Chrono Boost)  
  32  2:56  Probe (Chrono Boost)  
  32  2:57  Robotics Facility  
  33  3:03  Probe (Chrono Boost)  
  35  3:05  Probe (Chrono Boost)  
  35  3:12  Gateway  
  36  3:18  Probe (Chrono Boost)  
  37  3:20  Dark Shrine  
  37  3:24  Probe (Chrono Boost)  
  38  3:30  Gateway, Probe (Chrono Boost)  
  38  3:34  Pylon  
  39  3:37  Probe (Chrono Boost)  
  40  3:42  Gateway  
  40  3:44  Warp Prism  
  40  3:52  Probe (Chrono Boost)  
  40  3:54  Probe (Chrono Boost)  
  44  3:59  Shield Battery  
  44  4:02  Pylon  
  44  4:06  Probe (Chrono Boost)  
  44  4:09  Assimilator  
  46  4:10  Probe (Chrono Boost)  
  46  4:12  Assimilator  
  46  4:13  Pylon  
  47  4:18  Probe (Chrono Boost)  
  47  4:22  Charge  
  48  4:25  Probe (Chrono Boost)  
  48  4:30  Probe (Chrono Boost)  
  49  4:32  Pylon  
  49  4:37  Probe (Chrono Boost)  
  50  4:43  Probe (Chrono Boost)  
  51  4:46  Pylon  
  51  4:48  Dark Templar x4  
  51  4:49  Probe (Chrono Boost)  
  61  5:00  Probe (Chrono Boost)  
  59  5:10  Nexus  
  59  5:12  Pylon  
  59  5:15  Gateway  
  59  5:17  Gateway  
  59  5:23  Gateway  
  59  5:26  Gateway  
  59  5:27  Archon  
  59  5:28  Dark Templar  
  59  5:33  Dark Templar  
  62  5:35  Archon  
  62  5:39  Warp Prism, Zealot  
  62  5:40  Zealot  
  66  6:00  Probe (Chrono Boost)  
  66  6:01  Probe (Chrono Boost), Pylon  
  69  6:15  Zealot x4  
  69  6:16  Zealot  
  78  6:20  Pylon  
  78  6:22  Zealot  
  80  6:26  Zealot  
  80  6:27  Zealot  
  80  6:28  Probe (Chrono Boost)  
  80  6:32  Forge  
  85  6:34  Probe (Chrono Boost)  
  85  6:35  Probe (Chrono Boost)  
  86  6:45  Zealot x4  
  86  6:47  Zealot  
  91  6:53  Probe (Chrono Boost)  
  84  6:58  Zealot x3  
  84  6:59  Probe (Chrono Boost)  
  82  7:06  Zealot x2, Probe (Chrono Boost)  
  81  7:13  Dark Templar x2  
  74  7:19  Zealot x3  
  72  7:34  Zealot x3  
  72  7:36  Immortal  
  72  7:37  Blink, Probe (Chrono Boost)  
  71  7:39  Probe (Chrono Boost), Protoss Ground Weapons Level 1  
  71  7:40  Probe (Chrono Boost), Stargate  
  71  7:41  Pylon  
  71  7:43  Probe (Chrono Boost)  
  63  7:45  Sentry  
  63  7:46  Sentry x2  
  63  7:49  Shield Battery, Sentry  
  76  7:51  Probe (Chrono Boost)  
  76  7:53  Sentry x2  
  76  7:54  Shield Battery  
  79  8:03  Photon Cannon  
  79  8:05  Shield Battery  
  79  8:10  Stalker  
  79  8:11  Shield Battery  
  81  8:13  Stalker  
  81  8:16  Probe (Chrono Boost)  
  81  8:17  Zealot  
  84  8:21  Zealot x2, Phoenix  
  84  8:26  Zealot x2  
  84  8:30  Probe (Chrono Boost)  
  84  8:34  Phoenix  
  86  8:35  Probe (Chrono Boost)  
  86  8:36  Pylon  
  86  8:37  Probe (Chrono Boost)  
  86  8:40  Sentry x3  
  89  8:52  Assimilator  
  89  8:53  Phoenix  
  87  8:55  Assimilator  
  87  8:56  Stalker, Sentry x2  
  87  9:01  Stalker  
  97  9:18  Robotics Bay  
  97  9:19  Nexus, Sentry  
  97  9:20  Stalker  
  97  9:22  Phoenix  
  97  9:23  Zealot  
  105  9:34  Stalker x2  
  107  9:40  Phoenix, Probe (Chrono Boost)  
  107  9:42  Probe (Chrono Boost)  
  107  9:43  Immortal  
  107  9:44  Pylon  
  116  9:53  Probe (Chrono Boost)  
  116  9:59  Protoss Ground Weapons Level 2, Probe (Chrono Boost)  
  117  10:01  Pylon  
  117  10:05  Stalker x3  
  117  10:06  Probe (Chrono Boost)  
  124  10:12  Probe (Chrono Boost)  
  125  10:15  Pylon  
  125  10:16  Phoenix, Pylon  
  125  10:19  Templar Archives  
  125  10:21  Probe (Chrono Boost)  
  126  10:25  Probe (Chrono Boost)  
  129  10:29  Pylon  
  129  10:32  Probe (Chrono Boost)  
  130  10:42  Probe (Chrono Boost)  
  131  10:44  Probe (Chrono Boost)  
  131  10:45  Stalker x4, Probe (Chrono Boost)  
  140  10:51  Phoenix  
  140  10:54  Probe (Chrono Boost)  
  143  10:59  Probe (Chrono Boost)  
  145  11:06  Probe x3 (Chrono Boost), Pylon  
  145  11:07  Zealot x3  
  145  11:09  Phoenix  
  145  11:11  Assimilator x2, Probe (Chrono Boost)  
  152  11:13  Pylon  
  152  11:16  Dark Templar x2  
  152  11:18  Probe (Chrono Boost)  
  151  11:19  Zealot  
  151  11:20  Probe (Chrono Boost)  
  150  11:28  Phoenix  
  145  11:34  Protoss Air Weapons Level 1, Stalker  
  145  11:35  Stalker x4  
  157  11:50  Stalker x3  
  157  11:53  Photon Cannon  
  159  11:56  Phoenix  
  159  11:57  Shield Battery x2  
  161  12:05  Stalker, Dark Templar  
  161  12:06  Dark Templar  
  161  12:07  Zealot x2  
  171  12:12  Phoenix  
  167  12:19  Photon Cannon  
  167  12:20  Photon Cannon  
  167  12:21  Protoss Ground Weapons Level 3  
  169  12:26  Stalker x3  
  169  12:29  Archon, Psionic Storm  
  175  12:37  Photon Cannon  
  175  12:42  Pylon  
  175  12:44  Stalker x3  
  175  12:50  High Templar x2  
  175  12:52  Pylon  
  175  12:55  Pylon  
  163  13:01  Stalker x2  
  163  13:02  Probe x2 (Chrono Boost)  
  163  13:04  Probe (Chrono Boost)  
  156  13:08  Probe (Chrono Boost)  
  152  13:14  High Templar x3, Probe (Chrono Boost)  
  152  13:15  Probe (Chrono Boost)  
  152  13:16  Probe (Chrono Boost)  
  160  13:20  Probe (Chrono Boost)  
  160  13:23  Zealot x2, Dark Templar  
  166  13:28  Zealot  
  166  13:29  Zealot  
  163  13:43  Zealot x2, Probe (Chrono Boost)  
  163  13:46  Probe (Chrono Boost)  
  166  13:48  Zealot x4  
  166  13:53  Archon  
  166  13:54  Immortal  
  166  13:55  Zealot x2  
  166  14:08  High Templar x2  
  166  14:09  High Templar x2  
  178  14:16  Zealot  
  178  14:17  Zealot  
  178  14:18  Warp Prism  
  178  14:21  Zealot  
  172  14:32  Zealot  
  172  14:35  Probe (Chrono Boost)  
  172  14:37  Zealot x2  
  181  14:44  Zealot x5  
  189  14:58  High Templar x3  
  199  15:03  Nexus  
  199  15:09  Archon  
  199  15:12  Zealot x2  
  199  15:18  Zealot x2  
  199  15:19  Zealot  
  197  15:21  Warp Prism  
  185  15:34  Zealot x5  
  183  15:43  Archon x2  
  183  15:48  Archon  
  183  15:49  Zealot x3  
  171  15:52  Immortal  
  171  15:53  Probe (Chrono Boost)  
  172  16:00  Fleet Beacon  
  172  16:02  Zealot  
  172  16:03  Zealot x4  
  176  16:04  Stargate  
  176  16:08  Probe (Chrono Boost)  
  143  16:18  Zealot  
  143  16:19  Zealot x2  
Show
View Real Time Build Order
Export as new Build Order

Guru Zerg 

Build Orders: Hatch First 

Get SALT Encoding   

  12  0:00  Drone  
  13  0:12  Overlord  
  13  0:17  Drone  
  14  0:31  Drone x2  
  14  0:35  Drone  
  17  0:52  Hatchery  
  17  0:55  Drone  
  17  0:59  Drone  
  18  1:09  Extractor  
  17  1:12  Spawning Pool  
  17  1:16  Drone  
  17  1:18  Drone  
  18  1:28  Drone  
  19  1:46  Overlord  
  19  1:59  Queen, Zergling x2  
  22  2:03  Queen  
  22  2:05  Drone x2  
  22  2:08  Metabolic Boost  
  26  2:12  Drone  
  27  2:17  Drone  
  28  2:25  Drone x2  
  30  2:39  Drone x2, Hatchery  
  31  2:44  Overlord  
  31  2:53  Zergling x2  
  31  2:58  Zergling x4  
  34  3:05  Zergling x2  
  35  3:09  Evolution Chamber  
  34  3:13  Drone x6  
  34  3:14  Drone  
  34  3:16  Queen  
  44  3:22  Overlord  
  44  3:27  Overlord  
  44  3:34  Spore Crawler  
  43  3:36  Spore Crawler, Drone  
  43  3:42  Drone  
  43  3:43  Drone  
  43  3:45  Drone x2  
  43  3:47  Drone  
  43  3:48  Drone  
  49  3:49  Drone  
  49  3:52  Roach Warren  
  49  3:57  Drone  
  49  3:59  Queen  
  51  4:08  Drone x2  
  52  4:10  Spore Crawler, Drone x2  
  52  4:14  Drone  
  52  4:15  Drone x3  
  57  4:19  Overlord  
  57  4:23  Overlord  
  57  4:25  Zergling x2  
  57  4:26  Zergling x2  
  57  4:27  Zergling x2  
  57  4:28  Zergling x2  
  57  4:30  Zergling x2  
  63  4:31  Zergling x2  
  63  4:41  Zergling x6  
  63  4:45  Overlord  
  66  4:48  Lair  
  66  4:50  Roach x2  
  70  4:53  Roach x3  
  70  4:56  Roach  
  70  4:57  Roach  
  74  5:11  Roach x2  
  74  5:12  Drone  
  74  5:13  Extractor, Drone  
  74  5:14  Drone x4  
  81  5:15  Evolution Chamber  
  81  5:19  Extractor  
  81  5:20  Drone  
  82  5:24  Drone x3  
  82  5:26  Drone  
  86  5:32  Overlord  
  85  5:36  Extractor, Drone x3  
  86  5:42  Drone  
  86  5:43  Zerg Missile Weapons Level 1, Drone  
  86  5:47  Drone  
  86  5:49  Extractor, Drone  
  89  5:50  Drone  
  89  5:51  Drone x2  
  89  5:53  Extractor  
  90  5:57  Drone x3  
  90  5:58  Overlord  
  90  6:00  Roach x2, Glial Reconstitution  
  95  6:04  Overlord  
  95  6:05  Roach  
  95  6:06  Overlord  
  95  6:08  Overlord  
  97  6:12  Overlord  
  97  6:19  Drone  
  97  6:20  Drone x2  
  97  6:21  Drone  
  97  6:22  Hatchery  
  100  6:25  Spire  
  100  6:29  Roach x5  
  100  6:30  Roach  
  100  6:32  Roach  
  113  6:33  Roach  
  109  6:46  Roach x2  
  105  6:49  Roach x4  
  104  6:55  Roach  
  104  6:59  Roach x2  
  104  7:00  Roach x4  
  101  7:02  Drone  
  94  7:08  Roach  
  94  7:14  Overseer  
  87  7:16  Drone x2  
  87  7:30  Drone x2  
  87  7:31  Drone x2  
  87  7:32  Drone x3  
  87  7:36  Drone  
  86  7:45  Drone x2  
  86  7:46  Mutalisk  
  86  7:48  Mutalisk x2  
  94  7:54  Mutalisk x2  
  94  7:55  Drone x2  
  94  7:56  Drone  
  94  7:57  Drone  
  102  8:03  Mutalisk  
  102  8:05  Queen  
  106  8:07  Drone x2  
  106  8:09  Hatchery  
  106  8:12  Mutalisk  
  109  8:19  Roach x3  
  115  8:25  Roach  
  115  8:26  Drone x2  
  113  8:27  Drone  
  113  8:28  Drone x2  
  108  8:38  Mutalisk x3  
  108  8:45  Mutalisk  
  108  8:46  Drone x2  
  112  8:49  Zerg Flyer Weapons Level 1  
  112  8:54  Drone  
  112  8:55  Drone x2  
  114  8:56  Drone x2  
  114  8:59  Drone x2  
  114  9:00  Drone  
  114  9:02  Drone x2  
  122  9:07  Zerg Melee Weapons Level 1  
  122  9:10  Mutalisk x2  
  122  9:12  Drone x2  
  128  9:18  Mutalisk  
  130  9:26  Corruptor  
  132  9:32  Corruptor  
  132  9:33  Corruptor  
  134  9:39  Spore Crawler, Zergling x4  
  134  9:40  Zergling x14  
  134  9:41  Queen  
  134  9:44  Corruptor  
  146  9:49  Overlord x2  
  146  9:50  Overlord x2  
  146  9:51  Overlord  
  144  10:05  Overlord  
  142  10:10  Mutalisk x5  
  142  10:12  Overlord  
  152  10:18  Mutalisk  
  152  10:21  Mutalisk  
  156  10:32  Overlord, Zergling x2  
  156  10:33  Zergling x18  
  156  10:35  Zergling x2  
  167  10:37  Zergling x4  
  167  10:39  Mutalisk  
  169  10:42  Mutalisk  
  169  10:43  Mutalisk  
  169  10:45  Hatchery  
  171  10:51  Mutalisk  
  171  10:52  Mutalisk  
  171  10:55  Zergling x2  
  171  10:56  Zergling x2  
  174  10:57  Zergling x8  
  174  11:03  Overlord  
  173  11:05  Hydralisk Den  
  173  11:09  Zergling x14  
  173  11:10  Zergling x2  
  180  11:16  Mutalisk x3  
  169  11:25  Zergling x2  
  169  11:26  Zergling x4  
  169  11:31  Extractor  
  166  11:33  Extractor  
  166  11:37  Drone x2  
  166  11:38  Muscular Augments, Drone  
  166  11:44  Hydralisk x6  
  175  12:01  Drone  
  175  12:03  Spore Crawler  
  175  12:04  Evolution Chamber, Drone  
  175  12:05  Infestation Pit  
  175  12:07  Hydralisk x6  
  185  12:13  Zerg Missile Weapons Level 2  
  181  12:18  Hydralisk  
  181  12:21  Hydralisk x2  
  182  12:24  Drone x2  
  182  12:25  Drone  
  182  12:26  Zergling x20  
  182  12:29  Zerg Flyer Armor Level 1  
  195  12:30  Zergling x2  
  195  12:36  Hydralisk  
  188  13:03  Hydralisk x5  
  188  13:04  Hydralisk x4  
  199  13:06  Zergling x10  
  199  13:09  Hydralisk  
  199  13:10  Hydralisk x2  
  200  13:14  Hydralisk  
  200  13:17  Zergling x2  
  200  13:18  Zergling x4  
  200  13:19  Hive  
  199  13:22  Zerg Ground Armor Level 1  
  199  13:23  Zergling x4  
  199  13:24  Zergling x6  
  199  13:26  Hydralisk  
  199  13:29  Zergling x2  
  199  13:30  Zergling x16  
  199  13:32  Hydralisk  
  199  13:34  Hydralisk  
  199  13:36  Zergling x2  
  192  13:43  Drone  
  192  13:46  Spore Crawler, Drone x3  
  192  13:47  Hydralisk, Drone  
  192  13:48  Spine Crawler  
  180  13:58  Zergling x2  
  180  13:59  Drone x3  
  180  14:01  Drone x3  
  175  14:03  Baneling Nest, Hydralisk x5  
  175  14:04  Hydralisk  
  175  14:09  Hydralisk  
  179  14:26  Drone  
  179  14:28  Spine Crawler, Drone  
  179  14:29  Spine Crawler, Drone  
  179  14:30  Drone  
  175  14:33  Hydralisk x2  
  175  14:34  Hydralisk x3  
  175  14:37  Drone  
  184  14:40  Drone  
  184  14:41  Greater Spire  
  184  14:42  Corruptor x2  
  188  14:46  Zergling x8  
  188  14:47  Zergling x14  
  188  14:50  Baneling x10  
  188  14:51  Zergling x2  
  200  14:53  Overseer x2  
  199  15:07  Overseer  
  199  15:08  Zergling x2  
  199  15:09  Zergling x2  
  199  15:13  Zergling x6  
  199  15:17  Zergling x4  
  194  15:23  Drone x2  
  194  15:24  Spore Crawler  
  187  15:28  Hydralisk x2  
  187  15:33  Hydralisk x2  
  187  15:34  Zergling x18  
  187  15:35  Zergling x10  
  171  15:44  Hydralisk x3  
  171  15:46  Hydralisk x2  
  171  15:47  Hydralisk  
  171  15:48  Hydralisk  
  143  15:52  Hydralisk  
  143  15:54  Baneling  
  143  15:55  Baneling x8, Hydralisk x2  
  143  15:57  Hydralisk  
  143  15:58  Hydralisk x2  
  143  16:01  Hydralisk  
  143  16:04  Hydralisk  
  139  16:07  Hydralisk x2  
Tags
 
Add a new tag
Caveats
  • Supply blocks, unpowered buildings, or Contaminate may cause inaccurate times.
  • Supply counts are checked every 10 seconds.